 Dungeon Crawl Stone Soup version 0.18-a0-775-g4d9e04e (webtiles) character file.

200 Proton the Insei (level 5, -6/28 HPs)
             Began as a Vine Stalker Monk on Dec 13, 2015.
             Mangled by a gnoll
             ... wielding a +0 halberd
              (9 damage)
             ... on level 3 of the Dungeon.
             The game lasted 00:03:52 (2401 turns).

Proton the Insei (Vine Stalker Monk)                Turns: 2401, Time: 00:03:52

Health: -6/28      AC:  3    Str: 14    XL:     5   Next: 78%
Magic:  0/6        EV: 14    Int: 10    God:
Gold:   121        SH:  0    Dex: 17    Spells: 0 memorised, 4 levels left

rFire  . . .     SeeInvis +       - Unarmed
rCold  . . .     Clarity  .     a - +0 robe
rNeg   . . .     SustAt   .     (no shield)
rPois  .         Gourm    .     (no helmet)
rElec  .         Spirit   +     (no cloak)
rCorr  .         Dismiss  .     m - +0 pair of gloves
rMut   .         Stasis   .     (no boots)
MR     .....                    (no amulet)
Stlth  ++........               (no ring)
                                p - ring of see invisible

@: not resistant to hostile enchantments, unstealthy
A: fangs 2, regeneration 1, magic shield, antimagic bite, no device heal 3, rot
immunity
a: no special abilities


You were on level 3 of the Dungeon.
You were not hungry.

You visited 1 branch of the dungeon, and saw 3 of its levels.

You collected 121 gold pieces.

Inventory:

Armour
 a - a +0 robe (worn)
 m - a +0 pair of gloves (worn)
Jewellery
 p - a ring of see invisible (left hand)
Scrolls
 d - 2 scrolls of amnesia {unknown}
 f - 3 scrolls of random uselessness {unknown}
 h - a scroll of identify {unknown}
 i - a scroll of remove curse {unknown}
 k - a scroll of noise {unknown}
 n - 3 scrolls of enchant weapon {unknown}
Potions
 c - a potion of curing {unknown}
 e - a potion of invisibility {unknown}
 g - a potion of lignification {unknown}
 j - 2 potions of mutation {unknown}
 l - a potion of brilliance {unknown}
 o - a potion of might {unknown}
 q - 2 potions of berserk rage {unknown}
Comestibles
 b - 2 bread rations


   Skills:
 + Level 3.5 Fighting
 + Level 3.4 Dodging
 - Level 2.4 Stealth
 * Level 5.5 Unarmed Combat


You had 4 spell levels left.
You didn't know any spells.

Dungeon Overview and Level Annotations

Branches:
Dungeon (3/15)

Altars:
Ashenzari
Okawaru
Sif Muna
Vehumet
The Shining One


Innate Abilities, Weirdness & Mutations

You have extremely sharp teeth.
Your natural rate of healing is unusually fast.
When hurt, damage is shared between your health and your magic reserves.
Your bite disrupts and absorbs the magic of your enemies.
Potions and wands cannot restore your health.
You are immune to rotting.


Message History

The gnoll hits you from afar with a halberd.
The gnoll hits you with an enchanted whip!
You closely miss the gnoll. You bite the gnoll, but do no damage.
The gnoll is almost dead.
The gnoll barely misses you. x2
You closely miss the gnoll. You bite the gnoll. You drain its power.
You feel invigorated.
You kill the gnoll!
The gnoll hits you with a halberd.
* * * LOW HITPOINT WARNING * * *
Things that are here:
an enchanted whip; a spear; a gnoll corpse The gnoll hits you with a halberd!
* * * LOW HITPOINT WARNING * * *
Found 13 gold pieces.
The gnoll zaps a wand.
You easily resist.
It is a wand of enslavement.
The gnoll barely misses you.
The gnoll zaps a wand.
You easily resist.
The gnoll hits you from afar with a halberd!
You die...

#######
#.....#
###.....#
........#
#.....#
##....@##
.........#
###...gg.#
##...#)#
#$.##.# #
#.# #.# #
.# #. #.#
###.# #.
#.# #....
#.##


You could see 2 gnolls.

Vanquished Creatures
  An orc priest (D:3)
  Ijyb (D:3)
  4 gnolls
  3 adders
  An ooze (D:2)
  2 worms (D:2)
  7 orcs
  4 hobgoblins
  4 jackals (D:1)
  8 kobolds
  2 quokkas
  7 bats
  2 giant cockroaches (D:1)
  3 giant geckos
  4 giant newts
  5 goblins
  9 rats
67 creatures vanquished.

Notes
Turn   | Place    | Note
--------------------------------------------------------------
     0 | D:1      | Proton the Vine Stalker Monk began the quest for the Orb.
     0 | D:1      | Reached XP level 1. HP: 11/11 MP: 2/2
   215 | D:1      | Reached XP level 2. HP: 16/16 MP: 3/3
   654 | D:1      | Reached XP level 3. HP: 17/19 MP: 4/4
  1520 | D:2      | Found a radiant altar of Vehumet.
  1523 | D:2      | Found a deep blue altar of Sif Muna.
  1526 | D:2      | Found a glowing golden altar of the Shining One.
  1562 | D:2      | You fall through a shaft!
  1571 | D:3      | Reached XP level 4. HP: 24/24 MP: 5/5
  1958 | D:2      | Reached skill level 5 in Unarmed Combat
  1961 | D:2      | Found an iron altar of Okawaru.
  2071 | D:3      | Noticed Ijyb
  2083 | D:3      | Killed Ijyb
  2083 | D:3      | Reached XP level 5. HP: 23/28 MP: 4/6
  2283 | D:3      | Found a shattered altar of Ashenzari.
  2401 | D:3      | Mangled by a gnoll

Vault maps used:
D:1:      roderic_lyre, minmay_misc_feat_square
D:2:      okawaru_altar_gauntlet_db, grunt_temple_overflow_diamond
D:3:      nicolae_ashenzari_panopticon, uniq_iyjb

Action                   |  1- 3 |  4- 6 || total
-------------------------+-------+-------++-------
Melee: Unarmed           |   133 |    98 ||   231
 Stab: Sleeping          |     8 |     3 ||    11
       Distracted        |     1 |       ||     1
  Eat: Meat ration       |     1 |       ||     1
